AoeStats
← Lavender Fizz

Arabia

503418394Analyzed
1v1 RM · 1mo ago on Aug 31, 2026· 37m 9s· 2 players
Game mode
Random Map
Map size
Tiny (2 player)
Population
200
Speed
Normal
Resources
Standard
Victory
Conquest
Starting age
Dark Age
Ending age
Imperial Age
RankedLock teamsTeams togetherTeam positionsShared explorationLock speedFull tech treeHidden civsTurbo modeCheats
Victory
Defeat
🇨🇳 Vietnamese · China
545
+15
🇬🇧 Byzantines · United Kingdom
521
-27
Lavender Fizz
8:50 Loom
13:01 Feudal Age
27:24 Castle Age
25:01 Man-at-Arms
dogk
6:24 Loom
10:35 Feudal Age
11:03 Double-Bit Axe
11:00 Horse Collar
14:35 Fletching
15:47 Wheelbarrow
15:23 Man-at-Arms
21:03 Gold Mining
23:19 Castle Age
21:52 Gold Mining
22:02 Stone Mining
23:25 Crossbowman
24:23 Squires
24:36 Bow Saw
27:22 Thumb Ring
28:29 Hand Cart
29:06 Arson
28:43 Long Swordsman
30:38 Stone Shaft Mining
35:23 Imperial Age
35:06 Bodkin Arrow
35:12 Padded Archer Armor
37:11 Paper Money
36:34 Capped Ram
Connection lost

Rejoining the realm…

Still unreachable

The connection could not be restored.

Session expired

The server has moved on; the page needs a fresh start.